 Dungeon Crawl Stone Soup version 0.27-a0-1525-g1038ab4fd7 (webtiles) character file.

Game seed: 17656949928745903853

91 pokeman the Thaumaturge (level 4, -2/24 HPs)
             Began as a Deep Elf Hedge Wizard on July 10, 2021.
             Slain by Robin (3 damage)
             ... on level 2 of the Dungeon.
             The game lasted 00:03:43 (1586 turns).

pokeman the Thaumaturge (Deep Elf Hedge Wizard)     Turns: 1586, Time: 00:03:44

Health: -2/24      AC:  3    Str:  7    XL:     4   Next: 33%
Magic:  4/21       EV: 12    Int: 26    God:
Gold:   55         SH:  0    Dex: 14    Spells: 19/30 levels left

rFire    + . .     SeeInvis .   i - +0 dagger (speed)
rCold    + . .     Faith    .   (no shield)
rNeg     . . .     Spirit   .   b - +0 robe
rPois    +         Reflect  .   e - +0 helmet
rElec    +         Harm     .   (no cloak)
rCorr    +         Rampage  .   (no gloves)
Will     .....                  (no boots)
Stlth    ++........             (no amulet)
HPRegen  0.08/turn              c - +6 ring of intelligence
MPRegen  0.17/turn              (no ring)

@: resistant
A: no striking features
a: no special abilities


You were on level 2 of the Dungeon.
You visited 1 branch of the dungeon, and saw 2 of its levels.

You collected 55 gold pieces.

Inventory:

Hand Weapons
 i - a +0 dagger of speed (weapon)
Armour
 b - a +0 robe (worn)
 e - a +0 helmet (worn)
Jewellery
 c - a +6 ring of intelligence (left hand)
Scrolls
 d - a scroll of amnesia {unknown}
 g - a scroll of holy word {unknown}
 h - 2 scrolls of identify {unknown}


   Skills:
 + Level 0.8 Fighting
 - Level 1.0 Armour
 + Level 2.4 Dodging
 - Level 2.4 Stealth
 * Level 13.9 Spellcasting
 + Level 1.9 Conjurations
 - Level 1.1 Summonings
 - Level 1.1 Translocations


You had 19 spell levels left.
You knew the following spells:

 Your Spells              Type           Power      Damage    Failure   Level
a - Magic Dart            Conj           100%       1d8       1%          1
b - Mephitic Cloud        Conj/Pois/Air  21%        N/A       7%          3
c - Call Imp              Summ           23%        N/A       3%          2
d - Blink                 Tloc           N/A        N/A       3%          2
e - Conjure Flame         Conj/Fire      23%        6-21      6%          3

Your spell library contained the following spells:

 Spells                   Type           Power      Damage    Failure   Level
 Slow                     Hex            18%        N/A       4%          2


Dungeon Overview and Level Annotations

Branches:
Dungeon (2/15)

Altars:

Annotations:
D:2 Robin


Message History

Robin is severely wounded.
Robin hits you with a +1 spear of venom!
You hit Robin but do no damage.
Robin is severely wounded.
You hit Robin but do no damage.
Robin is severely wounded.
Robin hits you with a +1 spear of venom.
You are lethally poisoned!
You feel very sick.
It was a potion of experience.
You feel more experienced!
Your Spellcasting skill gained 8 levels and is now at level 13!
You have reached level 4!
You feel clever.
* * * LOW HITPOINT WARNING * * *
You feel sick.
It was a potion of resistance.
You feel protected.
* * * LOW HITPOINT WARNING * * *
You feel sick.
Robin shouts, "What's happening?!"
Your magical contamination has completely faded away.
* * * LOW HITPOINT WARNING * * *
You feel sick.
Robin ponders the situation.
A ball python comes into view.
* * * LOW HITPOINT WARNING * * *
You feel sick.
* * * LOW HITPOINT WARNING * * *
You feel sick.
There is a stone staircase leading up here.
* * * LOW HITPOINT WARNING * * *
You feel sick.
A worm comes into view.
* * * LOW HITPOINT WARNING * * *
You feel sick.
You are no longer poisoned.
Robin seems less confused.
Robin hits you from afar with a +1 spear of venom.
You die...

.. .. .##)# #..≈P# ...
#..≈.# #†# # # #..⌠.#
###.##.#.## #..≈.
........).. ##..≈
#..)##.#### ... #..{†..#
#.# #)..#### #@# .
....S.##########.##....
#............g.g..w.....
.....#.############.....
##.<###.. .... #.#.#
.... .## #.##)# ##. #
#.# ... #.. ..#


You could see Robin.

Vanquished Creatures
  A giant cockroach (D:1)
  12 goblins
  5 hobgoblins
  3 jackals (D:1)
  5 kobolds
  A quokka (D:1)
  3 ball pythons
  A bat (D:1)
  3 frilled lizards (D:1)
  A rat (D:1)
35 creatures vanquished.

Notes
Turn   | Place    | Note
-------+----------+-------------------------------------------
     0 | D:1      | pokeman the Deep Elf Hedge Wizard began the quest for the
                  | Orb.
     0 | D:1      | Reached XP level 1. HP: 10/10 MP: 7/7
   381 | D:1      | Reached XP level 2. HP: 15/15 MP: 6/9
   911 | D:1      | Reached skill level 5 in Spellcasting
  1313 | D:2      | Reached XP level 3. HP: 20/20 MP: 6/11
  1317 | D:2      | Learned a level 3 spell: Mephitic Cloud
  1320 | D:2      | Learned a level 2 spell: Call Imp
  1323 | D:2      | Learned a level 2 spell: Blink
  1327 | D:2      | Learned a level 3 spell: Conjure Flame
  1414 | D:2      | Noticed Robin
  1562 | D:2      | Reached skill level 1 in Armour
  1578 | D:2      | Reached skill level 13 in Spellcasting
  1578 | D:2      | Reached XP level 4. HP: 8/24 MP: 2/21
  1584 | D:2      | HP: 1/24 [poisoned by Robin]
  1586 | D:2      | Slain by Robin

Illustrated notes

Levels and vault maps discovered:
D:1:      nagdon_arrival_double_spiral, layout_basic, minmay_ruptured
D:2:      layout_loops_ring, serial_glass, glass_columns_a, glass_columns_c,
          glass_columns_b, glass_columns_a, shapermc_ecumenical_altar_acropolis,
          eino_tiny_chamber, minmay_diced_spiral, uniq_robin, uniq_natasha,
          uniq_terence, uniq_jessica

Skill      XL: |  1  2  3 |
---------------+----------+-----
Spellcasting   | 5 13 | 13.9
Armour         | 1 |  1.0
Fighting       | |  0.8
Dodging        | |  2.4
Stealth        | |  2.4
Conjurations   | |  1.9
Summonings     | |  1.1
Translocations | |  1.1

Action                   |  1- 3 |  4- 6 || total
-------------------------+-------+-------++-------
Melee: Dagger            |    12 |       ||    12
 Cast: Magic Dart        |    67 |       ||    67
       Conjure Flame     |     1 |       ||     1
       Mephitic Cloud    |     1 |       ||     1
  Use: Potion            |     1 |     1 ||     2
Armor: Robe              |     3 |       ||     3
Dodge: Dodged            |    12 |       ||    12

Table legend: (Time is in decaauts)
 A = Elapsed time spent in this place.
 B = Non-inter-level travel time spent in this place.
 C = Inter-level travel time spent in this place.
 D = Time resting spent in this place.
 E = Time spent auto-exploring this place.
 F = Levels seen in this place.
 G = Mean time per level.
                   A        B        C        D        E       F      G
               +--------+--------+--------+--------+--------+-----+--------+
         Total |   1616 |   1569 |     47 |     76 |   1297 |   2 |  808.0 |
       Dungeon |   1616 |   1569 |     47 |     76 |   1297 |   2 |  808.0 |
               +--------+--------+--------+--------+--------+-----+--------+

Top non-repeatable levels by time:
     D:1: 1458 daAuts
     D:2: 158 daAuts
